 Dungeon Crawl Stone Soup version 0.19-a0-719-gcc390b8 (webtiles) character file.

184 Etesian the Skirmisher (level 5, -1/46 HPs)
             Began as a Centaur Fighter on June 20, 2016.
             Was an Initiate of Okawaru.
             Killed from afar by KuKumber's ghost (9 damage)
             ... with a puff of frost
             ... on level 3 of the Dungeon.
             The game lasted 00:05:40 (3285 turns).

Etesian the Skirmisher (Centaur Fighter)            Turns: 3285, Time: 00:05:40

Health: -1/46      AC:  7    Str: 19    XL:     5   Next: 36%
Magic:  5/5        EV:  7    Int:  7    God:    Okawaru [......]
Gold:   133        SH:  4    Dex:  9    Spells: 0 memorised, 4 levels left

rFire  . . .     SeeInvis .     a - +0 flail
rCold  . . .     Gourm    .     b - +0 scale mail
rNeg   . . .     Faith    .     l - +0 buckler (curse)
rPois  .         Spirit   .     n - +0 helmet
rElec  .         Dismiss  .     (no cloak)
rCorr  .         Reflect  .     (no gloves)
SustAt .         Harm     .     (no barding)
MR     .....                    (no amulet)
Stlth  ..........               (no ring)
                                (no ring)

@: very quick, not resistant to hostile enchantments, extremely unstealthy
A: hooves 3, deformed body, speed 2, tough skin 3
a: Renounce Religion


You were on level 3 of the Dungeon.
You worshipped Okawaru.
Okawaru was noncommittal.
You were not hungry.

You visited 1 branch of the dungeon, and saw 3 of its levels.

You collected 133 gold pieces.

Inventory:

Hand Weapons
 a - a +0 flail (weapon)
Missiles
 h - 14 bolts
Armour
 b - a +0 scale mail (worn)
 c - a +1 shield
 l - a cursed +0 buckler (worn)
 n - a +0 helmet (worn)
Scrolls
 e - 3 scrolls of identify
Potions
 d - a potion of might
 k - a potion of invisibility
Comestibles
 f - 2 bread rations
 g - a chunk of flesh
 i - a royal jelly
 j - 4 fruits
 m - 2 meat rations


   Skills:
 + Level 3.9 Fighting
 * Level 3.3 Maces & Flails
 + Level 2.8 Armour
 + Level 2.8 Shields


You had 4 spell levels left.
You didn't know any spells.

Dungeon Overview and Level Annotations

Branches:
Dungeon (3/15)

Altars:
Cheibriados
Okawaru

Annotations:
D:3 KuKumber's ghost, amateur HEIE


Innate Abilities, Weirdness & Mutations

You have hooves in place of feet.
Armour fits poorly on your strangely shaped body.
You cover ground very quickly.
You have extremely tough skin. (AC +3)


Message History

You are too injured to fight recklessly!
You take 4 damage, and have 12/46 hp.
You are too injured to fight recklessly!
You are too injured to fight recklessly!
You are too injured to fight recklessly!
You are too injured to fight recklessly!
You are too injured to fight recklessly!
You are too injured to fight recklessly!
You are too injured to fight recklessly!
You are too injured to fight recklessly!
You miss KuKumber's ghost.
KuKumber's ghost is almost destroyed.
KuKumber's ghost hits you.
* * * LOW HITPOINT WARNING * * *
You take 4 damage, and have 8/46 hp.
You miss KuKumber's ghost.
KuKumber's ghost is almost destroyed.
KuKumber's ghost casts a spell at you. The puff of frost hits you!
You die...

................. #.
...........##### #.
#.........#
##.########.........##
#........)...........#
#.....####...........####
#.......<..####.........#
#......W...# #.....#.#.#
#.....##@..# #####.รท_..#
#.....##...# ###.###
#.....###### #.###
#.....# #.... #.....#
###.. #.%..... #..
##....... #.. #.......W.
#.. #......... #..


You could see KuKumber's ghost.

Vanquished Creatures
  3 orc wizards
  3 adders (D:3)
  An ooze (D:1)
  3 worms
  10 orcs (D:3)
  2 giant cockroaches
  7 goblins
  3 hobgoblins
  A quokka (D:3)
  3 bats
  10 kobolds
  6 rats
52 creatures vanquished.

Notes
Turn   | Place    | Note
--------------------------------------------------------------
     0 | D:1      | Etesian the Centaur Fighter began the quest for the Orb.
     0 | D:1      | Reached XP level 1. HP: 19/19 MP: 1/1
   304 | D:1      | Reached XP level 2. HP: 21/26 MP: 2/2
   953 | D:2      | Found a snail-covered altar of Cheibriados.
  1312 | D:2      | Reached XP level 3. HP: 31/31 MP: 3/3
  1453 | D:3      | Noticed KuKumber's ghost (amateur HEIE)
  1734 | D:3      | Reached XP level 4. HP: 33/38 MP: 4/4
  2514 | D:3      | Reached XP level 5. HP: 3/46 MP: 5/5
  3007 | D:3      | Found an iron altar of Okawaru.
  3013 | D:3      | Became a worshipper of Warmaster Okawaru
  3285 | D:3      | Killed from afar by KuKumber's ghost

Vault maps used:
D:1:      dpeg_arrival_erosion, minmay_misc_feat_more_columns
D:2:      overflow_temple_1_default
D:3:      lemuel_crystal_altar, first_bread, st_stairs_4,
          minmay_misc_feat_pillars

Skill      XL: |  1  2  3  4 |
---------------+-------------+-----
Maces & Flails | 2 3 |  3.3
Fighting       | |  3.9
Armour         | |  2.8
Shields        | |  2.8

Action                   |  1- 3 |  4- 6 || total
-------------------------+-------+-------++-------
Melee: Flail             |    89 |   127 ||   216
       Kick              |    18 |    27 ||    45
  Use: Scroll            |     3 |     1 ||     4
  Eat: Chunk             |     1 |     5 ||     6
Armor: Scale mail        |    43 |    42 ||    85
Dodge: Dodged            |    18 |    50 ||    68
Block: Shield            |    11 |       ||    11
       Buckler           |    10 |    20 ||    30
